AoeStats
← bigusdickus

Four Lakes

510271017Analyzed
1v1 RM · 3d ago on Sep 30, 2026· 33m 57s· 2 players
Game mode
Random Map
Map size
Tiny (2 player)
Population
200
Speed
Normal
Resources
Standard
Victory
Conquest
Starting age
Dark Age
Ending age
Imperial Age
RankedLock teamsTeams togetherTeam positionsShared explorationLock speedFull tech treeHidden civsTurbo modeCheats
Victory
Defeat
🇳🇿 Maya · New Zealand
424
+3
🇲🇽 Spanish · Mexico
32
-3
Ryuk7035
10:30 Loom
12:41 Feudal Age
14:34 Wheelbarrow
17:15 Arson
20:41 Town Watch
21:43 Scale Mail Armor
30:57 Castle Age
33:09 Thumb Ring
bigusdickus
0:45 Loom
16:40 Feudal Age
18:11 Wheelbarrow
17:23 Town Watch
17:07 Man-at-Arms
17:33 Arson
18:46 Double-Bit Axe
19:09 Horse Collar
20:58 Gold Mining
20:59 Stone Mining
24:26 Fletching
24:54 Padded Archer Armor
26:31 Forging
26:52 Scale Mail Armor
33:04 Castle Age
34:25 Iron Casting
33:28 Elite Skirmisher
33:32 Long Swordsman
Connection lost

Rejoining the realm…

Still unreachable

The connection could not be restored.

Session expired

The server has moved on; the page needs a fresh start.